 Dungeon Sprint DCSS version 0.27.1-3-gb3d3a73c9e (webtiles) character file.

Game seed: 3256699723166823626

4509 raph the Carver (level 10, -1/103 HPs)
             Began as a Minotaur Berserker on Oct 17, 2021.
             Was an Elder of Trog.
             Killed from afar by a deep elf annihilator (36 damage)
             ... with an iron shot
             ... in the Dungeon (Sprint I: "Red Sonja").
             The game lasted 00:03:21 (1995 turns).

raph the Carver (Minotaur Berserker)                Turns: 1995, Time: 00:03:21

Health: -1/103     AC:  4    Str: 22    XL:     10   Next: 16%
Magic:  9/9        EV: 17    Int:  4    God:    Trog [****..]
Gold:   475        SH:  0    Dex: 13    Spells: 9/9 levels left

rFire    . . .     SeeInvis .   m - +1 great sword (vorpal)
rCold    . . .     Faith    .   (shield currently unavailable)
rNeg     . . .     Spirit   .   i - +0 leather armour
rPois    .         Reflect  .   (helmet restricted)
rElec    .         Harm     .   (no cloak)
rCorr    .         Rampage  .   (no gloves)
Will     ++...     NoTele   +   (no boots)
Stlth    +.........             (no amulet)
HPRegen  1.27/turn              (no ring)
MPRegen  0.11/turn              (no ring)

@: mighty, strong-willed, mesmerised, regenerating
A: horns 2, retaliatory headbutt
a: Renounce Religion, Berserk, Trog's Hand, Brothers in Arms


You were in the Dungeon.
You worshipped Trog.
Trog was greatly pleased with you.
You visited 1 branch You collected 619 gold pieces.
You spent 144 gold pieces at shops.

Inventory:

Hand Weapons
 a - a +0 falchion
 m - a +1 vorpal great sword (weapon)
Armour
 b - a +0 animal skin
 i - a +0 leather armour (worn)
Scrolls
 h - a scroll of blinking
 j - 3 scrolls of identify {unknown}
Potions
 c - a potion of curing
 d - 2 potions of heal wounds
 e - a potion of haste
 f - 2 potions of magic
 g - a potion of berserk rage
 l - a potion of flight


   Skills:
 + Level 14.3 Fighting
 * Level 14.4 Long Blades
 + Level 14.1 Armour
 + Level 13.0 Dodging


You had 9 spell levels left.
You didn't know any spells.
Your spell library was empty.

Dungeon Overview and Level Annotations

Branches:
Dungeon (1/1)

Altars:
Cheibriados
Dithmenos
Elyvilon
Fedhas
Gozag
Hepliaklqana
Kikubaaqudgha
Makhleb
Nemelex Xobeh
Okawaru
Qazlal
Ru
Sif Muna
Trog
Uskayaw
Vehumet
Wu Jian
Xom
Yredelemnul
Zin
The Shining One
Jiyva
Lugonu

Shops:
D !

Annotations:
D exclusion: door


Innate Abilities, Weirdness & Mutations

You have a pair of horns on your head.
You reflexively headbutt those who attack you in melee.


Message History

You are mesmerised by the merfolk siren!
The merfolk siren chants a haunting song.
A hellwing comes into view.
The deep elf annihilator mumbles some strange words.
The deep elf annihilator blinks!
Your ogre goes berserk!
Trog will no longer gift you weapons.
The hellwing gives a chilling moan.
A hornet comes into view.
The merfolk siren chants its luring song.
A hornet comes into view.
The merfolk siren hits you from afar with a +0 spear!
You hear an angry buzzing noise.
A hornet comes into view.
Found a book of Minor Magic.
The hornet buzzes angrily.
The merfolk siren chants its luring song.
A hornet comes into view.
Your skin crawls.
You feel strong-willed.
The merfolk siren hits you with a +0 spear!
The merfolk siren chants its luring song.
Your ogre barely misses the hellwing.
You are too mesmerised to rage.
You feel very mighty all of a sudden.
The merfolk siren chants its luring song. x2
The hellwing barely misses you.
You riposte.
You slash the hellwing!
The hellwing is moderately wounded.
The hellwing hits you.
The deep elf annihilator points at you and mumbles some strange words.
The bolt of lightning hits you!!
The bolt of lightning hits your ogre!! x2
Your ogre dies!
Your ogre's corpse disappears in a puff of smoke!
You miss the merfolk siren. You headbutt the merfolk siren!
The merfolk siren is moderately wounded.
The merfolk siren chants its luring song. x2
The hellwing barely misses you. The hellwing hits you.
The deep elf annihilator casts a spell at you.
The iron shot hits you!!!
You die...

###################
#§.÷.§.§§..÷'..#^^+
#§####§§§..##..'^^#
#.# ##§§.#######'#
§§# ###+# #.§# ###
#@4#


#emy# #yy≈.:# #.y≈.## #.m≈## #..≈# ≈..## ≈..# You could see a deep elf
annihilator, a hellwing, 2 merfolk sirens and 4 hornets.

Vanquished Creatures
  A lindwurm (D)
  2 kobold demonologists (D)
  A slime creature (D)
  Sigmund (D)
  A yak (D)
  13 hogs (D)
  2 floating eyes (D)
  An ogre (D)
  A jelly (D)
  Ijyb (D)
24 creatures vanquished.

Vanquished Creatures (collateral kills)
  A hydra (D)
  4 demonic crawlers (D)
5 creatures vanquished.

Vanquished Creatures (others)
  A gargoyle (D)
1 creature vanquished.

Grand Total: 30 creatures vanquished

Notes
Turn   | Place    | Note
-------+----------+-------------------------------------------
     0 | D        | raph the Minotaur Berserker began the quest for the Orb.
     0 | D        | Reached XP level 1. HP: 19/19 MP: 0/0
     1 | D        | Noticed Ijyb
     7 | D        | Killed Ijyb
     8 | D        | Reached XP level 2. HP: 26/26 MP: 1/1
    46 | D        | Noticed an ogre
    49 | D        | Killed an ogre
    50 | D        | Reached XP level 3. HP: 31/31 MP: 2/2
    50 | D        | Reached XP level 4. HP: 39/39 MP: 3/3
    92 | D        | Noticed Sigmund
   106 | D        | Killed Sigmund
   106 | D        | Reached ** piety under Trog
   107 | D        | Reached XP level 5. HP: 28/46 MP: 4/4
   156 | D        | Killed a gargoyle
   286 | D        | Found a shimmering blue altar of Sif Muna.
   287 | D        | Found an ornate altar of the Wu Jian Council.
   288 | D        | Found a radiant altar of Vehumet.
   294 | D        | Reached XP level 6. HP: 55/55 MP: 5/5
   361 | D        | Found Awi Der's Distillery.
   361 | D        | Found an ancient bone altar of Kikubaaqudgha.
   361 | D        | Found a hazy altar of Hepliaklqana.
   361 | D        | Found a hide-covered altar of Uskayaw.
   361 | D        | Found a basalt altar of Yredelemnul.
   361 | D        | Found an opulent altar of Gozag.
   361 | D        | Found a snail-covered altar of Cheibriados.
   361 | D        | Found a sacrificial altar of Ru.
   361 | D        | Found a shadowy altar of Dithmenos.
   361 | D        | Noticed a yak
   364 | D        | Killed a yak
   365 | D        | Reached skill level 5 in Dodging
   416 | D        | Found a stormy altar of Qazlal.
   416 | D        | Found a blossoming altar of Fedhas.
   416 | D        | Found a bloodstained altar of Trog.
   416 | D        | Found an iron altar of Okawaru.
   416 | D        | Found a glowing golden altar of the Shining One.
   416 | D        | Found a glowing silver altar of Zin.
   416 | D        | Found a white marble altar of Elyvilon.
   417 | D        | Found a sparkling altar of Nemelex Xobeh.
   423 | D        | Bought a potion of might for 48 gold pieces
   423 | D        | Bought a potion of flight for 36 gold pieces
   423 | D        | Bought a potion of heal wounds for 60 gold pieces
   432 | D        | Noticed a centaur warrior
   432 | D        | Noticed a centaur warrior
   437 | D        | Found a viscous altar of Jiyva.
   437 | D        | Found a corrupted altar of Lugonu.
   437 | D        | Noticed a slime creature
   444 | D        | Killed a slime creature
   444 | D        | Reached *** piety under Trog
   445 | D        | Reached XP level 7. HP: 39/68 MP: 6/6
   635 | D        | Found a burning altar of Makhleb.
   635 | D        | Found a shimmering altar of Xom.
   649 | D        | Noticed a kobold demonologist
   649 | D        | Noticed a kobold demonologist
   655 | D        | Killed a kobold demonologist
   663 | D        | Killed a kobold demonologist
   663 | D        | Reached **** piety under Trog
   664 | D        | Reached skill level 10 in Fighting
   664 | D        | Reached skill level 10 in Armour
   664 | D        | Reached XP level 8. HP: 80/80 MP: 7/7
   809 | D        | Noticed a demonic crawler
   809 | D        | Noticed a demonic crawler
   809 | D        | Noticed a demonic crawler
   809 | D        | Noticed a demonic crawler
   819 | D        | Killed a demonic crawler
   822 | D        | Killed a demonic crawler
   824 | D        | Killed a demonic crawler
   825 | D        | Reached skill level 10 in Dodging
   826 | D        | Killed a demonic crawler
  1130 | D        | Noticed a lindwurm
  1141 | D        | Killed a lindwurm
  1142 | D        | Reached XP level 9. HP: 24/90 MP: 8/8
  1449 | D        | Reached ***** piety under Trog
  1477 | D        | Received a gift from Trog
  1482 | D        | Reached XP level 10. HP: 47/102 MP: 9/9
  1716 | D        | Noticed a 12-headed hydra
  1719 | D        | Killed a 12-headed hydra
  1988 | D        | Noticed a merfolk siren
  1988 | D        | Noticed a deep elf annihilator
  1989 | D        | Noticed a merfolk siren
  1995 | D        | Killed from afar by a deep elf annihilator

Illustrated notes

Levels and vault maps discovered:
D:        dungeon_sprint_1 [red_sonja_temple_1, red_sonja_temple_small_1]

Skill      XL: |  1  2  3  4  5  6  7  8  9 10 |
---------------+-------------------------------+-----
Long Blades    | 7 11 14 | 14.4
Fighting       | 4 8 10 12 13 14 | 14.3
Armour         | 3 4 7 10 12 13 14 | 14.1
Dodging        | 3 6 9 11 12 13 | 13.0

Action                   |  1- 3 |  4- 6 |  7- 9 | 10-12 || total
-------------------------+-------+-------+-------+-------++-------
Melee: Falchion          |     7 |    23 |    61 |     1 ||    92
       Headbutt          |     2 |     9 |    18 |     3 ||    32
       Great sword       |       |       |       |     2 ||     2
Invok: Berserk           |     2 |     4 |     4 |       ||    10
       Brothers in Arms  |       |       |     1 |     3 ||     4
       Trog's Hand       |       |       |       |     1 ||     1
  Use: Potion            |       |       |       |     1 ||     1
Armor: Leather armour    |       |     1 |     4 |     5 ||    10
Dodge: Dodged            |     4 |     2 |    47 |    11 ||    64
       Rpst.: Falchion   |     2 |     2 |     9 |       ||    13
       Great sword       |       |       |       |     1 ||     1
